 Dungeon Crawl Stone Soup version 0.21-a0-314-gb3271ec (webtiles) character file.

60 namelastname112 the Scratcher (level 3, -3/16 HPs)
             Began as a Felid Wanderer on Sept 29, 2017.
             Slain by a gnoll
             ... wielding a +0 halberd
              (19 damage)
             ... on level 2 of the Dungeon.
             The game lasted 00:02:04 (2169 turns).

namelastname112 the Scratcher (Felid Wanderer)      Turns: 2169, Time: 00:02:04

Health: -3/16      AC:  1    Str:  9    XL:     3   Next: 82%
Magic:  13/13      EV: 17    Int: 10    God:
Gold:   67         SH:  0    Dex: 18    Spells: 2/2 levels left
                                        Lives:  0   Deaths: 0

rFire    . . .     SeeInvis +     - Unarmed
rCold    + . .     Gourm    .   (shield unavailable)
rNeg     . . .     Faith    .   (armour unavailable)
rPois    .         Spirit   .   (helmet unavailable)
rElec    .         Reflect  .   (cloak unavailable)
rCorr    .         Harm     .   (gloves unavailable)
MR       .....                  (boots unavailable)
Stlth    +++.......             g - amulet of magic regeneration
HPRegen  0.05/turn              e - ring of magical power
MPRegen  0.38/turn              f - ring of protection from cold

@: quick
A: no armour, no weapons or thrown items, stealth, claws 1, fangs 3, see
invisible, carnivore 3, speed 1, shaggy fur 1, slow metabolism 1, sharp paws
a: no special abilities


You were on level 2 of the Dungeon.
You were very full.

You visited 1 branch of the dungeon, and saw 2 of its levels.

You collected 67 gold pieces.

Inventory:

Jewellery
 e - a ring of magical power (left paw)
 f - a ring of protection from cold (right paw)
 g - an amulet of magic regeneration (around neck)
 o - an uncursed ring of flight
Scrolls
 a - 2 scrolls of blinking
 b - a scroll of teleportation
 k - a scroll of identify {unknown}
 l - a scroll of enchant armour {unknown}
 n - 2 scrolls of remove curse {unknown}
Potions
 c - a potion of lignification
 i - a potion of curing {unknown}
 j - 2 potions of cancellation {unknown}
 m - a potion of mutation {unknown}
Comestibles
 d - 3 meat rations
 h - a royal jelly


   Skills:
 + Level 2.5 Fighting
 + Level 1.6 Dodging
 + Level 3.5 Stealth
 * Level 6.4 Unarmed Combat


You had 2 spell levels left.
You didn't know any spells.

Dungeon Overview and Level Annotations

Branches:
Dungeon (2/15)

Altars:
Nemelex Xobeh


Innate Abilities, Weirdness & Mutations

You cannot wear armour.
You are incapable of wielding weapons or throwing items.
Your paws allow you to move quietly. (Stealth)
You have sharp claws.
You have razor-sharp teeth.
You have supernaturally acute eyesight. (SInv)
You are carnivorous and can eat meat at any time.
You cover ground quickly.
You are covered in fur. (AC +1)
You have a slow metabolism.
Your sharp claws are effective at attacking unaware monsters.


Message History

You kill the quokka!
The bat hits you but does no damage. The bat closely misses you. x2
There is a stone staircase leading up here.
You scratch the bat but do no damage. Your claw misses the bat.
The bat completely misses you.
You claw the bat!
You kill the bat!
You start resting.
You regained 2 hp, and now have 8/16 hp.
The gnoll shouts!
You climb upwards.
There is a stone staircase leading down here.
You can't go up here!
You start resting.
HP restored.
Health restored: 16 You climb downwards.
The gnoll hits you with a halberd!!
Ouch! That really hurt!
You die...

#.# #.. #.# ### ###
#.#####.# #.. ......#.#
#.# #.# #.#.# #.# #r#
#...# #.# #.###...### #.#
#...g@....##########
#.####.#................#
#.....)........########.#
#.g#######....## #.# #..#
#)...# #.# #.r# #.##.#
#.# #..# #g##.# #.# ##.#
#.##.# #.# #.# #.##.#
#.###


You could see 2 gnolls.

Vanquished Creatures
  2 adders (D:2)
  A gnoll (D:2)
  A worm (D:2)
  A dart slug (D:1)
  A leopard gecko (D:2)
  4 bats
  A giant cockroach (D:1)
  4 goblins
  4 hobgoblins
  A quokka (D:2)
  4 frilled lizards (D:2)
  3 rats
27 creatures vanquished.

Notes
Turn   | Place    | Note
-------+----------+-------------------------------------------
     0 | D:1      | namelastname112 the Felid Wanderer began the quest for the Orb.
     0 | D:1      | namelastname112 set off with: a scroll of blinking, a scroll of teleportation, a potion of lignification, a meat ration
     0 | D:1      | Reached XP level 1. HP: 9/9 MP: 2/2
    75 | D:1      | Reached skill level 1 in Dodging
    94 | D:1      | Found a sparkling altar of Nemelex Xobeh.
   310 | D:1      | Reached XP level 2. HP: 13/13 MP: 3/3
   985 | D:2      | Reached XP level 3. HP: 16/16 MP: 4/4
  2169 | D:2      | Slain by a gnoll

Vault maps used:
D:1:      lemuel_arrival_tunnels, kennysheep_flooded_box, grunt_decor_cap
D:2:      minmay_tromino_v4_c, uniq_crazy_yiuf_cottage

Skill      XL: |  1  2 |
---------------+-------+-----
Dodging        | 1 |  1.6
Stealth        | 3 |  3.5
Fighting       | |  2.5
Unarmed Combat | |  6.4

Action                   || total
-------------------------++-------
Melee: Unarmed           ||    52
       Bite              ||     5
       Punch             ||     2
 Stab: Sleeping          ||    11
  Eat: Chunk             ||     7
Armor: Skin              ||     2
Dodge: Dodged            ||    29

Table legend:
 A = Spawn XP
 B = Non-spawn XP
 C = Spawn XP percentage of total XP
 D = Spawn monster count
 E = Non-spawn monster count
 F = Spawn count percentage of total count
 G = Total turns spent on level
                    A         B        C        D         E        F      G
               +---------+---------+-------+---------+---------+-------+---------
         Total |       0 |      87 |   0.0 |       0 |      27 |   0.0 |  2169
               +---------+---------+-------+---------+---------+-------+---------
           D:1 |       0 |      21 |   0.0 |       0 |      10 |   0.0 |  1225
           D:2 |       0 |      66 |   0.0 |       0 |      17 |   0.0 |   944
               +---------+---------+-------+---------+---------+-------+---------
